Map: Ice and Chrome LE

Players

starkiller

  • Race: Zerg Zerg
  • League: Master
  • Spawn Location: 1:00

DisK - Winner!

  • Race: Protoss Protoss
  • League: Grandmaster
  • Spawn Location: 7:00

Event: The Miserable Cup

VOD

Have the link to the VOD?

Description

Time

  • Played on: June 17, 2020, 11:33 a.m.
  • Length: 8:56

All games in this series

Show
View Real Time Build Order
Export as new Build Order

starkiller Zerg 

Build Orders: Hatch First 

Get SALT Encoding   

  12  0:01  Drone  
  13  0:08  Drone  
  14  0:15  Drone, Extractor  
  15  0:21  Overlord  
  15  0:39  Drone x2  
  17  0:52  Hatchery  
  16  1:01  Drone x2  
  18  1:05  Extractor  
  17  1:15  Spawning Pool  
  17  1:18  Drone  
  17  1:22  Drone  
  18  1:27  Drone  
  19  1:37  Overlord  
  19  1:48  Drone  
  20  2:00  Drone  
  21  2:01  Queen  
  21  2:05  Queen  
  21  2:08  Metabolic Boost  
  25  2:12  Drone  
  25  2:15  Drone  
  27  2:17  Drone  
  28  2:23  Drone  
  28  2:26  Drone  
  30  2:38  Drone  
  30  2:42  Hatchery  
  30  2:43  Zergling x2  
  31  2:50  Zergling x2  
  32  2:52  Drone  
  32  2:58  Overlord  
  34  3:12  Drone  
  34  3:13  Drone  
  34  3:15  Zergling x2  
  34  3:16  Overlord  
  34  3:17  Drone x5  
  41  3:21  Queen  
  41  3:26  Zergling x2  
  44  3:33  Zergling x2  
  44  3:34  Zergling x2  
  44  3:42  Overlord  
  44  3:45  Drone  
  44  3:46  Spore Crawler  
  44  3:49  Spore Crawler  
  44  3:50  Drone x4  
  47  3:58  Spore Crawler  
  47  4:01  Roach Warren, Drone x5  
  50  4:05  Drone  
  50  4:08  Queen  
  53  4:17  Extractor  
  53  4:18  Drone, Extractor  
  53  4:19  Queen  
  54  4:24  Overlord  
  54  4:25  Overlord  
  51  4:40  Overlord  
  51  4:41  Roach x6  
  51  4:44  Roach  
  64  4:46  Roach  
  66  4:55  Overlord, Roach  
  68  5:05  Zergling x2  
  68  5:06  Zergling x10  
  74  5:12  Zergling x2  
  75  5:19  Zergling x2  
  75  5:20  Zergling x2  
  77  5:25  Zergling x2  
  77  5:28  Zergling x4  
  80  5:35  Ravager x4  
  82  5:43  Zergling x2  
  82  5:44  Zergling x2  
  82  5:45  Zergling x4  
  82  5:46  Ravager  
  82  5:48  Zergling x4  
  77  6:12  Zergling x12  
  77  6:16  Ravager x2  
  77  6:17  Zergling x2  
  81  6:25  Zergling x2  
  75  6:26  Zergling x2  
  75  6:27  Zergling x2  
  65  6:42  Zergling x10  
  65  6:43  Lair  
  55  6:54  Drone x2  
  55  6:55  Drone  
  55  6:57  Queen x2  
  55  6:58  Drone  
  55  6:59  Evolution Chamber  
  55  7:04  Drone x2  
  55  7:09  Drone  
  55  7:15  Drone  
  57  7:17  Drone, Baneling Nest  
  57  7:23  Roach  
  57  7:29  Roach x2  
  56  7:31  Roach  
  56  7:32  Queen  
  56  7:35  Drone  
  61  7:37  Drone  
  61  7:42  Drone  
  63  7:45  Drone  
  63  7:46  Drone  
  63  7:51  Extractor  
  64  7:53  Ravager x4, Extractor x2  
  64  7:54  Drone  
  64  7:57  Drone x2  
  69  8:04  Drone x2  
  69  8:05  Drone x2  
  73  8:06  Drone  
  73  8:08  Queen  
  73  8:09  Roach x3  
  73  8:12  Overlord  
  82  8:15  Overlord  
  82  8:22  Overlord  
  82  8:24  Baneling x2  
  82  8:27  Overlord  
  82  8:28  Overlord  
  82  8:31  Ravager x2  
Show
View Real Time Build Order
Export as new Build Order

DisK Protoss - Winner!

Build Orders: 1 Gate Expand, Oracle Opening 

Get SALT Encoding   

  12  0:00  Probe  
  13  0:12  Probe  
  14  0:18  Pylon  
  14  0:24  Probe  
  15  0:33  Probe  
  15  0:39  Gateway  
  15  0:41  Probe  
  16  0:46  Assimilator  
  17  0:51  Probe  
  18  1:04  Probe  
  19  1:16  Probe  
  20  1:23  Nexus  
  20  1:32  Cybernetics Core  
  20  1:35  Probe  
  21  1:42  Assimilator  
  21  1:47  Probe  
  21  1:53  Pylon  
  22  2:00  Probe  
  23  2:01  Adept  
  23  2:12  Probe  
  26  2:20  Stargate  
  26  2:24  Probe  
  26  2:26  Adept  
  26  2:29  Warp Gate  
  27  2:34  Probe  
  30  2:37  Probe  
  30  2:42  Probe  
  31  2:49  Probe  
  32  2:52  Probe  
  32  2:56  Adept  
  35  3:01  Probe  
  35  3:04  Probe  
  37  3:07  Oracle  
  40  3:13  Probe  
  40  3:14  Pylon  
  40  3:15  Probe  
  42  3:23  Gateway  
  42  3:24  Probe  
  42  3:25  Probe  
  43  3:33  Probe  
  44  3:34  Oracle  
  44  3:37  Probe  
  44  3:44  Probe  
  44  3:45  Pylon  
  48  3:49  Assimilator  
  48  3:51  Assimilator  
  48  3:54  Robotics Facility  
  48  3:59  Probe x2  
  50  4:11  Probe x2  
  52  4:21  Pylon  
  52  4:22  Pylon  
  52  4:23  Probe x2  
  54  4:24  Adept x2  
  58  4:35  Probe x2  
  60  4:43  Immortal  
  63  4:47  Probe x2  
  63  4:48  Pylon  
  65  4:52  Sentry  
  65  4:53  Nexus, Sentry  
  65  4:56  Pylon  
  65  4:58  Void Ray  
  66  5:04  Gateway  
  67  5:14  Gateway  
  70  5:21  Shield Battery  
  70  5:24  Shield Battery  
  70  5:26  Pylon  
  70  5:32  Shield Battery  
  70  5:33  Stalker  
  70  5:35  Stalker  
  74  5:45  Shield Battery  
  74  5:55  Shield Battery  
  74  6:01  Stalker x2  
  74  6:02  Stalker  
  78  6:14  Stalker  
  78  6:15  Immortal  
  78  6:16  Probe  
  83  6:25  Stalker x3  
  84  6:27  Probe  
  84  6:28  Probe  
  84  6:39  Probe  
  75  6:41  Stalker  
  75  6:42  Probe  
  76  6:49  Gateway  
  76  6:52  Zealot, Gateway  
  76  6:53  Sentry  
  76  6:54  Gateway, Sentry  
  76  6:56  Gateway  
  76  7:01  Warp Prism  
  78  7:05  Probe x2  
  78  7:06  Pylon  
  80  7:08  Probe  
  83  7:16  Sentry x2  
  87  7:29  Pylon  
  87  7:30  Pylon  
  87  7:33  Zealot  
  87  7:34  Sentry  
  87  7:36  Probe x2  
  87  7:37  Probe  
  94  7:42  Observer  
  95  7:47  Pylon  
  95  7:49  Pylon  
  95  7:52  Sentry x2  
  95  7:53  Stalker x2, Sentry  
  95  7:56  Adept  
  95  7:57  Adept  
  109  8:06  Pylon  
  109  8:13  Probe x3  
  109  8:16  Twilight Council  
  109  8:17  Sentry  
  109  8:18  Sentry x2  
  109  8:19  Sentry  
  120  8:20  Zealot x3  
  126  8:44  Stalker  
  126  8:45  Stalker x5  
  126  8:46  Zealot x2  
Tags
 
Add a new tag
Caveats
  • Supply blocks, unpowered buildings, or Contaminate may cause inaccurate times.
  • Supply counts are checked every 10 seconds.